 Dungeon Crawl Stone Soup version 0.31.0-12-g77e489cdc1 (webtiles) character file.

Game seed: 17178779384674507794

281 monsoonserge the Ruffian (level 6, -19/38 HPs)
             Began as an Octopode Shapeshifter on Feb 25, 2024.
             Demolished by an ogre
             ... wielding a +0 giant spiked club
              (31 damage)
             ... on level 5 of the Dungeon.
             The game lasted 00:06:34 (3565 turns).

monsoonserge the Ruffian (Octopode Shapeshifter)    Turns: 3565, Time: 00:06:35

Health: -19/38     AC:  1    Str: 16    XL:     6   Next: 27%
Magic:  6/6        EV: 13    Int: 12    God:
Gold:   274        SH:  0    Dex: 11    Spells: 5/5 levels left

rFire   . .          .
                       - Unarmed
rCold   . . .        (no shield)
rNeg    . . .        (helmet currently unavailable)
rPois   .            (no amulet)
rElec   .            (no ring)
rCorr   .            (no ring)
SInv    .            (no ring)
Will    .....        (no ring)
Stlth   +++          (no ring)
HPRegen 0.26/turn    (no ring)
MPRegen 0.10/turn    (no ring)
                     (no ring)

%: no passive effects
@: beast-form
A: beast (slay +1), almost no armour, amphibious, 8 rings, camouflage 1,
gelatinous body 1, (nimble swimmer 1), tentacles
a: Begin Untransformation


You were on level 5 of the Dungeon.
You were a hulking beast.
You visited 1 branch of the dungeon, and saw 5 of its levels.

You collected 274 gold pieces.

Inventory:

Missiles
 f - 9 poisoned darts (quivered)
Talismans
 b - a beast talisman
 c - a flux talisman
Scrolls
 d - a scroll of enchant armour {unknown}
 h - a scroll of teleportation {unknown}
 i - a scroll of amnesia {unknown}
 j - a scroll of fog {unknown}
 k - 3 scrolls of poison {unknown}
 l - a scroll of blinking {unknown}
 m - 2 scrolls of identify {unknown}
 p - a scroll of noise {unknown}
 q - a scroll of immolation {unknown}
Potions
 a - 3 potions of lignification
 e - 2 potions of enlightenment {unknown}
 g - 2 potions of heal wounds {unknown}
 n - 3 potions of curing {unknown}
 o - a potion of berserk rage {unknown}
 r - a potion of brilliance {unknown}


   Skills:
 + Level 1.6 Fighting
 + Level 2.2 Dodging
 + Level 1.8 Stealth
 * Level 6.4 Unarmed Combat
 - Level 3.0 Shapeshifting


You had 5 spell levels left.
You didn't know any spells.
Your spell library contained the following spells:

 Spells                   Type           Power      Damage    Failure   Level
 Freeze                   Ice            0%         1d3       32%         1
 Ensorcelled Hibernation  Hex/Ice        0%         N/A       45%         2
 Frozen Ramparts          Ice            0%         1d1       69%         3
 Hailstorm                Conj/Ice       0%         3d5       69%         3
 Passwall                 Erth           0%         N/A       69%         3
 Swiftness                Air            0%         N/A       69%         3


Dungeon Overview and Level Annotations

Branches:
Dungeon (5/15)
 Temple: D:4-7

Altars:
Makhleb
Xom

Annotations:
D:3 1 runed translucent door, Patrick2011b's ghost, amateur TeAE


Innate Abilities, Weirdness & Mutations

You are a hulking beast.
Your limbs bulge with bestial killing power. (Slay +1)
You cannot wear most types of armour.
You are amphibious.
You can wear up to eight rings at the same time.
Your skin changes colour to match your surroundings (Stealth+).
Your rubbery body absorbs attacks. (AC +1, EV +1)
((You are camouflaged when in or above water. (Stealth+)))
You have tentacles for arms and can constrict up to eight enemies at once.


Message History

You now have 274 gold pieces (gained 11).
Items here: ))) [[ †.
Okay, then.
Things that are here:
a +0 dagger; a +0 robe; an orc corpse
There is an open door here.
You pick up a book of Burglary and begin reading...
You add the spells Ensorcelled Hibernation, Swiftness and Passwall to your library.
Done exploring.
There is an open door here.
Things that are here:
a +0 dagger; a +0 robe; an orc corpse
Items here: ))) [[ †.
Things that are here:
a +0 club; a goblin corpse You see here 7 stones.
There is a stone staircase leading up here.
There is a stone staircase leading down here.
You climb downwards.
The adder hisses angrily.
There is a stone staircase leading up here.
Found a scorched leather armour.
You bludgeon the adder! Your grab misses the adder.
The adder is severely wounded.
The adder closely misses you.
You tentacle-slap the adder. You grab the adder.
The adder is almost dead.
You constrict the adder.
You kill the adder!
You see here the +0 leather armour of the Evil One {Harm rElec MP+9}.
An ogre comes into view. It is wielding a +0 giant spiked club.
You tentacle-slap the ogre. You squeeze the ogre!
The ogre is heavily wounded.
The ogre hits you with a +0 giant spiked club!!
Ouch! That really hurt!
You barely miss the ogre. You squeeze the ogre.
The ogre is severely wounded.
The ogre hits you with a +0 giant spiked club!!
Ouch! That really hurt!
You die...

...#....###.# .
.....##.###.# ...
#.........#.#.#..
..........#.#....
.................
.................
..............#
.......[......#
...######h..#.#
... #O..#.# ..
......# .......#
/.........
............
#.....#.#.#.#
..........!..


You could see an ogre.

Vanquished Creatures
  A bombardier beetle (D:4)
  An iguana (D:4)
  3 orc wizards (D:4)
  A sleepcap (D:4)
  2 adders
  2 ufetubi (D:4)
  2 dart slugs
  2 ribbon worms (D:2)
  An orc (D:3)
  6 ball pythons
  6 endoplasms
  5 giant cockroaches
  10 goblins
  8 hobgoblins
  5 jackals
  11 kobolds
  4 quokkas
  4 bats
  3 frilled lizards
  6 rats
83 creatures vanquished.

Notes
Turn   | Place    | Note
-------+----------+-------------------------------------------
     0 | D:1      | monsoonserge the Octopode Shapeshifter began the quest for
                  | the Orb.
     0 | D:1      | Reached XP level 1. HP: 13/13 MP: 1/1
    90 | D:1      | Reached XP level 2. HP: 18/18 MP: 2/2
   302 | D:1      | Reached skill level 4 in Unarmed Combat
   437 | D:1      | Reached XP level 3. HP: 15/23 MP: 3/3
  1018 | D:2      | Found a burning altar of Makhleb.
  1810 | D:2      | Reached XP level 4. HP: 24/28 MP: 4/4
  1973 | D:3      | Found a runed translucent door.
  1979 | D:3      | Noticed Patrick2011b's ghost (amateur TeAE)
  2024 | D:3      | Found a shimmering altar of Xom.
  2226 | D:3      | Reached skill level 5 in Unarmed Combat
  2732 | D:4      | Reached XP level 5. HP: 24/33 MP: 5/5
  3037 | D:4      | Reached skill level 1 in Stealth
  3381 | D:4      | Reached skill level 6 in Unarmed Combat
  3478 | D:4      | Reached XP level 6. HP: 38/38 MP: 6/6
  3549 | D:5      | Entered Level 5 of the Dungeon
  3559 | D:5      | Identified the +0 leather armour of the Evil One {Harm
                  | rElec MP+9}
  3565 | D:5      | Demolished by an ogre

Illustrated notes

Levels and vault maps discovered:
D:1:      dpeg_arrival_boxes_within_box, layout_basic
D:2:      minmay_chambers_of_ones, layout_loops_corners, basic_altar,
          minmay_close_crescents
D:3:      layout_rooms, mainiacjoe_overflow_24_doors, ebering_ghost_sewer_d
D:4:      layout_loops_ring, minmay_a_box_with_orc_wizards_in_it
D:5:      layout_basic, serial_glass, glass_columns_b, glass_columns_c,
          ebering_ghost_rock_garden, uniq_prince_ribbit1, uniq_pikel

Skill      XL: |  1  2  3  4  5 |
---------------+----------------+-----
Unarmed Combat | 4 5 6 |  6.4
Stealth        | 1 |  1.8
Fighting       | |  1.6
Dodging        | |  2.2
Shapeshifting  | |  3.0

Action                     |  1- 3 |  4- 6 || total
---------------------------+-------+-------++-------
  Melee: Unarmed           |    79 |    64 ||   143
         Constrict         |    20 |    12 ||    32
         Tentacles         |    10 |    13 ||    23
         Punch             |     4 |     2 ||     6
   Stab: Sleeping          |     5 |     5 ||    10
 Armour: Skin              |    31 |    28 ||    59
  Dodge: Dodged            |    41 |    28 ||    69
